 Dungeon Crawl Stone Soup version 0.31.0-11-ge490571c62 (webtiles) character file.

Game seed: 15438614228780344368

86 qw the Shooter (level 4, -1/25 HPs)
             Began as a Deep Elf Hunter on Feb 4, 2024.
             Slain by Grinder (6 damage)
             ... on level 3 of the Dungeon.
             The game lasted 00:00:06 (1620 turns).

qw the Shooter (Deep Elf Hunter)                    Turns: 1620, Time: 00:00:06

Health: -1/25      AC:  5    Str: 10    XL:     4   Next: 27%
Magic:  6/6        EV: 16    Int: 14    God:
Gold:   100        SH:  0    Dex: 18    Spells: 3/3 levels left

rFire   . . .        a - +2 shortbow
rCold   . . .        (shield currently unavailable)
rNeg    . . .        g - +0 ring mail
rPois   +            (no helmet)
rElec   .            (no cloak)
rCorr   .            (no gloves)
SInv    .            (no boots)
Will    .....        f - amulet of faith
Stlth   +            e - ring of poison resistance
HPRegen 0.24/turn    i - +5 ring of evasion
MPRegen 0.10/turn

%: faith
@: hasted, very quick
A: no striking features
a: no special abilities


You were on level 3 of the Dungeon.
You visited 1 branch of the dungeon, and saw 3 of its levels.

You collected 100 gold pieces.


   Skills:
 - Level 1.5 Fighting
 + Level 7.7 Ranged Weapons
 - Level 2.4 Dodging
 - Level 1.2 Stealth


You had 3 spell levels left.
You didn't know any spells.
Your spell library was empty.

Inventory:

Hand Weapons
 a - a +2 shortbow (weapon)
Armour
 g - a +0 ring mail (worn)
Jewellery
 c - the ring "Notaell" {rF+ rC- rN+ rCorr Int+6}
   (You acquired it on level 1 of the Dungeon)

   [ring of intelligence]

   Int+6:     It affects your intelligence (+6).
   rF+:       It protects you from fire.
   rC-:       It makes you vulnerable to cold.
   rN+:       It protects you from negative energy.
   rCorr:     It protects you from acid and corrosion.
 d - a ring of resist corrosion
 e - a ring of poison resistance (left hand)
 f - an amulet of faith (around neck)
 i - a +5 ring of evasion (right hand)
 o - a ring of protection from fire
Scrolls
 b - a scroll of teleportation
Potions
 h - a potion of berserk rage {unknown}
 k - a potion of mutation {unknown}
 l - a potion of brilliance {unknown}

Dungeon Overview and Level Annotations

Branches:
Dungeon (3/15)

Altars:
Hepliaklqana

Annotations:
D:3 Grinder


Message History

The arrow completely misses the giant cockroach.
The giant cockroach bites you but does no damage.
You shoot an arrow. The arrow hits the giant cockroach.
You kill the giant cockroach!
You shoot an arrow. The arrow hits Grinder.
Grinder is lightly wounded.
You shoot an arrow. The arrow closely misses Grinder.
Grinder closely misses you.
You shoot an arrow.
The arrow hits Grinder but does no damage.
Grinder is lightly wounded.
Grinder barely misses you.
You shoot an arrow. The arrow hits Grinder.
Grinder is lightly wounded.
Grinder says, "Don't move a muscle."
Grinder misses you.
You shoot an arrow. The arrow barely misses Grinder.
Grinder hits you but does no damage.
You shoot an arrow. The arrow hits Grinder.
Grinder is moderately wounded.
You shoot an arrow. The arrow barely misses Grinder.
Grinder gestures at you.
You suddenly lose the ability to move!
Grinder says, "Don't move a muscle."
Grinder hits you! Grinder gestures at you.
You barely resist. Grinder gestures at you.
You barely resist. Grinder hits you.
You writhe in agony.
You can move again.
You shoot an arrow. The arrow hits Grinder!
Grinder is heavily wounded.
Grinder hits you.
You shoot an arrow. The arrow closely misses Grinder.
You shoot an arrow. The arrow hits Grinder.
Grinder is severely wounded.
Grinder hits you!
You writhe in agony.
You die...
Grinder sighs, "Dead already?
I want a refund."

#)# #.# .# #.# #.#
#.###. #.# #.# #.#.. #.#
##.# #.#.# ##
#.#####..#####.#.###....
#.##....................
#.##.##.########.###.###
#.##.##.########.#
...)............@#
.######.####.....5...#
.# #.# #####...### .##
#.# ..#... ..# #..
#...#.# ..# ##.##.# ..#
. # ..#####. .# ........
.##.


You could see Grinder.

Vanquished Creatures
  4 adders
  A dart slug (D:1)
  2 ribbon worms (D:3)
  An orc (D:3)
  3 ball pythons
  4 endoplasms
  2 giant cockroaches
  3 goblins
  4 hobgoblins
  4 kobolds
  2 quokkas
  5 bats
  4 frilled lizards
  4 rats
43 creatures vanquished.

Notes
Turn   | Place    | Note
-------+----------+-------------------------------------------
     0 | D:1      | qw the Deep Elf Hunter began the quest for the Orb.
     0 | D:1      | Reached XP level 1. HP: 12/12 MP: 3/3
     0 | D:1      | 0 ||| qw: Version: 0.3-a-160-g6735b56
     0 | D:1      | 0 ||| qw: Game counter: 5599
     0 | D:1      | 0 ||| qw: Melee chars always use a shield: true
     0 | D:1      | 0 ||| qw: God list: Okawaru
     0 | D:1      | 0 ||| qw: Allow faded altars: false
     0 | D:1      | 0 ||| qw: Do Orc after clearing Dungeon:15 true
     0 | D:1      | 0 ||| qw: Do second Lair branch before Depths: true
     0 | D:1      | 0 ||| qw: Lair rune preference: random
     0 | D:1      | 0 ||| qw: Goals: Normal
     0 | D:1      | 0 ||| PLANNING D:1-11
   114 | D:1      | Reached XP level 2. HP: 16/16 MP: 4/4
   119 | D:1      | Reached skill level 6 in Ranged Weapons
   200 | D:1      | Found a faded altar of an unknown god.
   538 | D:1      | 538 ||| UPGRADING to +0 ring mail.
   548 | D:1      | 548 ||| DROPPING +0 leather armour.
   549 | D:1      | 549 ||| UPGRADING to amulet of faith.
   554 | D:1      | 554 ||| UPGRADING to ring of poison resistance.
   555 | D:1      | 555 ||| UPGRADING to +5 ring of evasion.
   556 | D:1      | 556 ||| READING scroll labelled BUELOU BEDEE.
   561 | D:1      | 561 ||| READING scroll labelled XEACAUFROASCH.
   562 | D:1      | 562 ||| READING scroll labelled ASSOWNEONI.
   563 | D:1      | 563 ||| READING scroll labelled VOQUL FEUTI.
   563 | D:1      | Identified a scroll of acquirement
   563 | D:1      | 563 ||| ACQUIRING ring "Notaell" {rF+ rC- rN+ rCorr Int+6}
   563 | D:1      | Acquired the ring "Notaell" {rF+ rC- rN+ rCorr Int+6}
   565 | D:1      | 565 ||| READING scroll labelled NURO ASEQYODGHOLIO.
   566 | D:1      | 566 ||| DRINKING 2 amethyst potions.
   567 | D:1      | 567 ||| DROPPING scroll of butterflies.
   626 | D:2      | Reached XP level 3. HP: 20/20 MP: 5/5
   724 | D:2      | Reached skill level 7 in Ranged Weapons
  1032 | D:2      | Found a hazy altar of Hepliaklqana.
  1274 | D:2      | 1274 ||| READING scroll labelled MOPE NOSHRICSEO.
  1275 | D:2      | 1275 ||| READING scroll labelled OXIUPT BUOHE.
  1275 | D:2      | 1275 ||| ENCHANTING +0 shortbow.
  1276 | D:2      | 1276 ||| READING scroll labelled TETYMAD PINE.
  1276 | D:2      | 1276 ||| IDENTIFYING glowing coppery potion
  1277 | D:2      | 1277 ||| DROPPING potion of degeneration.
  1377 | D:3      | 1377 ||| READING scroll of enchant weapon.
  1377 | D:3      | 1377 ||| ENCHANTING +1 shortbow.
  1381 | D:3      | Reached XP level 4. HP: 25/25 MP: 6/6
  1596 | D:3      | Noticed Grinder
  1597 | D:3      | 1597 ||| DRINKING potion of haste.
  1613 | D:3      | Paralysed by Grinder for 4 turns
  1620 | D:3      | HP: 5/25 [Grinder (8)]
  1620 | D:3      | Slain by Grinder

Levels and vault maps discovered:
D:1:      mushboom_english_gardens, layout_rooms, basic_ecumenical_altar,
          kennysheep_small_spiral, minmay_pentomino_r2
D:2:      layout_loops_ring, basic_altar, uniq_crazy_yiuf_cottage
D:3:      layout_loops_ring, uniq_grinder

Skill      XL: |  1  2  3 |
---------------+----------+-----
Ranged Weapons | 6 7 |  7.7
Fighting       | |  1.5
Dodging        | |  2.4
Stealth        | |  1.2

Action                     |  1- 3 |  4- 6 || total
---------------------------+-------+-------++-------
   Fire: Shortbow          |    92 |    34 ||   126
    Use: Scroll            |     9 |       ||     9
         Potion            |     1 |     1 ||     2
 Armour: Leather armour    |     2 |       ||     2
         Ring mail         |     6 |    12 ||    18
  Dodge: Dodged            |    27 |     6 ||    33

Table legend:
 A = Non-vault XP
 B = Vault XP
 C = Vault XP percentage of total XP
 D = Non-vault monster count
 E = Vault monster count
 F = Vault count percentage of total count
                 A         B        C        D         E       F
            +---------+---------+-------+---------+---------+-------
      Total |     121 |       3 |   2.4 |      41 |       2 |   4.7
            +---------+---------+-------+---------+---------+-------
        D:1 |      34 |       3 |   8.1 |      19 |       2 |   9.5
        D:2 |      54 |       0 |   0.0 |      12 |       0 |   0.0
        D:3 |      33 |       0 |   0.0 |      10 |       0 |   0.0
            +---------+---------+-------+---------+---------+-------
